 Dungeon Crawl Stone Soup version 0.21.0-3-g78d12a8bdd (webtiles) character file.

18700 Manul the Unseen (level 12, -3/60 HPs)
             Began as a Spriggan Abyssal Knight on Jan 8, 2018.
             Was the Champion of Lugonu.
             Slain by a gargoyle
             ... wielding a +0 dire flail
              (16 damage)
             ... on level 12 of the Dungeon on Jan 9, 2018.
             The game lasted 00:27:16 (15470 turns).

Manul the Unseen (Spriggan Abyssal Knight)         Turns: 15470, Time: 00:27:16

Health: -3/60      AC:  7    Str:  8    XL:     12   Next: 30%
Magic:  18/18      EV: 34    Int: 16    God:    Lugonu [******]
Gold:   865        SH:  0    Dex: 30    Spells: 9/11 levels left

rFire    . . .     SeeInvis +   E - +3 dagger (chaos)
rCold    + . .     Gourm    .   (shield restricted)
rNeg     . . .     Faith    .   B - +2 robe of the Turtledove {rElec Int+2 Dex+8}
rPois    .         Spirit   .   p - +1 hat
rElec    +         Reflect  .   (no cloak)
rCorr    .         Harm     .   (gloves unavailable)
MR       ++...                  (boots unavailable)
Stlth    +++++++++.             j - amulet of regeneration
HPRegen  0.60/turn              u - ring of protection from cold
MPRegen  0.16/turn              (no ring)

@: studying Armour, very quick
A: very small, unfitting armour, molten scales 1, camouflage 1, see invisible,
agile 1, herbivore, speed 3, slow metabolism 2
a: Depart the Abyss, Bend Space, Banish, Corrupt, Enter the Abyss, Brand Weapon
With Distortion, Renounce Religion


You were on level 12 of the Dungeon.
You worshipped Lugonu.
Lugonu was exalted by your worship.
You were not hungry.

You visited 1 branch of the dungeon, and saw 12 of its levels.
You visited the Abyss 1 time.
You also visited: Bailey.

You collected 865 gold pieces.

Inventory:

Hand Weapons
 x - the +5 mace "Notzof" {holy, Str+4}
   (You found it on level 6 of the Dungeon)

   It has been blessed by the Shining One to cause great damage to the undead
   and demons.
   It affects your strength (+4).
 A - a +3 dagger
 E - a +3 dagger of chaos (weapon)
 N - a +2 falchion of holy wrath
Armour
 p - a +1 hat (worn)
 B - the +2 robe of the Turtledove (worn) {rElec Int+2 Dex+8}
   (You found it on level 7 of the Dungeon)

   It affects your intelligence (+2).
   It affects your dexterity (+8).
   It insulates you from electricity.
Jewellery
 j - an amulet of regeneration (around neck)
 m - an uncursed ring of ice
 u - a ring of protection from cold (left hand)
 v - an uncursed amulet of guardian spirit {unknown}
Wands
 d - a wand of acid (31)
 y - a wand of iceblast (6)
 J - a wand of digging (10)
 M - a wand of flame (23)
Scrolls
 b - a scroll of brand weapon {unknown}
 f - 3 scrolls of amnesia {unknown}
 h - 3 scrolls of enchant weapon {unknown}
 i - a scroll of noise {unknown}
 l - 3 scrolls of magic mapping
 o - 4 scrolls of identify
 q - 2 scrolls of fog
 s - 5 scrolls of remove curse
 t - a scroll of holy word {unknown}
 z - 2 scrolls of fear
 C - 3 scrolls of teleportation
 F - a scroll of vulnerability
 G - a scroll of enchant armour
 K - a scroll of blinking
Potions
 e - a potion of magic
 g - 6 potions of curing
 k - 5 potions of might
 n - 4 potions of brilliance
 w - a potion of flight
 D - a potion of invisibility
 I - 2 potions of agility
 L - 2 potions of heal wounds
Books
 r - a manual of
Armour
 H - a book of Minor Magic

   Spells                             Type                      Level
   a - Magic Dart                     Conjuration                  1
   b - Blink                          Translocation                2
   c - Call Imp                       Summoning                    2
   d - Slow                           Hexes                        2
   e - Conjure Flame                  Conjuration/Fire             3
   f - Mephitic Cloud                 Conjuration/Poison/Air       3
Miscellaneous
 a - a sack of spiders
Comestibles
 c - 9 rations


   Skills:
 + Level 5.3 Fighting
 + Level 9.4 Short Blades
 - Level 0.9 Maces & Flails
 + Level 13.2 Dodging
 * Level 17.9 Stealth
 * Level 7.3 Invocations
 - Level 6.1 Evocations


You had 9 spell levels left.
You knew the following spells:

 Your Spells              Type           Power        Failure   Level  Hunger
a - Blink                 Tloc           N/A          36%         2    ###....


Dungeon Overview and Level Annotations

Branches:
Dungeon (12/15)              Lair (0/6) D:11            Orc (0/2) D:12
 Temple: D:4-7

Altars:
Ashenzari
Cheibriados
Elyvilon
Fedhas
Gozag
Okawaru
Qazlal
Ru
Trog
Uskayaw
The Shining One

Shops:
D:9 :*?!:   D:10 (

Annotations:
Abyss:1 Dowan


Innate Abilities, Weirdness & Mutations

You are very small and have problems with some larger weapons.
You are too small for most types of armour.
You have supernaturally acute eyesight. (SInv)
You are a herbivore.
You cover ground extremely quickly.
You need consume almost no food.
You are partially covered in molten scales. (AC +2)
Your skin changes colour to match your surroundings (Stealth+).
You are agile. (Dex +2)


Message History

The black bear claws you.
The orc warrior shouts!
You hit the gargoyle but do no damage.
The gargoyle seems to speed up.
The gargoyle is moderately damaged.
The gargoyle hurls a stone arrow at you.
The stone arrow hits you!
The black bear completely misses you. x2
The black bear closely misses you. The gargoyle completely misses you.
The black bear rages.
You kill the black bear!
Lugonu accepts your kill.
You completely miss the gargoyle.
The gargoyle is moderately damaged.
The gargoyle hurls a stone arrow at you.
The stone arrow hits you!
* * * LOW HITPOINT WARNING * * *
You hit the gargoyle but do no damage.
The gargoyle is moderately damaged.
The gargoyle hits you with a dire flail!
You die...

,,,,,.........#.,,#..#....##.####
***,,%......#.#.###..#......:....
*,,..[......#...#..#....##.....
**,,......#..#5#.#..#....#......
*,,,......#..#.#.....)..........
*,,,......#..#.#...........####.
*,,,..###*#..#..<........###..##
**,,,..* #..###...[....##,.....
,,,,,,,* ##..9@.....##....,*#..
**,,,,,* #.###.....##....**##.
,,,******* #.........##....#*##.
,,,,,,,,,* #.........##.....*#..
,,,,,,,,,***##...##..##*.#*,.....
,,,,,,,,,,,,.........# *,.###..##
,,,,,,,,,,,*##..#*##)# **...####.
,,,,,,,,,,,**##,***#)# **.......
,,,,,,,,,,,,,,,,,,*#.# *##.....


You could see a gargoyle.

Vanquished Creatures
  A hydra (D:12)
  3 two-headed ogres
  A tengu warrior (D:11)
  An unseen horror (D:12)
  Pikel (D:8)
  A manticore (D:11)
  The ghost of Timinator the Jinx, a novice SpEn of Wu Jian (D:8)
  Maurice (D:8)
  Psyche (D:8)
  2 centaur skeletons
  A komodo dragon (D:12)
  2 kobold demonologists (D:12)
  2 trolls (D:11)
  Grinder (D:2)
  4 hippogriffs
  4 slime creatures (D:11)
  Sigmund (D:3)
  A vampire (D:12)
  A wyvern (D:10)
  14 yaks
  Menkaure (D:4)
  A warg (D:12)
  A naga (Bailey)
  Duvessa (D:4)
  9 orc warriors
  A sky beast (D:10)
  3 black bears
  4 ice beasts
  2 eyes of draining
  4 ogres
  3 phantoms
  9 centaurs
  2 crocodiles (D:10)
  A big kobold (D:12)
  A small abomination (Abyss:2)
  4 bullfrogs
  3 scorpions
  9 killer bees
  3 howler monkeys
  13 wights
  2 electric eels (D:11)
  2 crimson imps
  2 quasits
  A bullfrog zombie (D:12)
  A centaur zombie (D:8)
  6 orc priests
  16 orc wizards
  A bullfrog skeleton (D:11)
  3 hounds
  3 jellies
  6 iguanas
  Ijyb (D:3)
  Natasha (twice) (D:4)
  4 worker ants
  A hound skeleton (D:4)
  3 gnolls
  A river rat (shapeshifter) (D:10)
  19 adders
  3 shadow imps
  2 ufetubi (Abyss:2)
  2 adder skeletons
  An adder zombie (D:5)
  6 worms
  A dart slug (D:3)
  2 leopard geckos
  65 orcs
  3 ball pythons
  7 giant cockroaches
  12 goblins
  13 hobgoblins
  21 jackals
  3 quokkas
  9 bats
  3 frilled lizards
  16 kobolds
  A leopard gecko skeleton (D:6)
  9 rats
372 creatures vanquished.

Vanquished Creatures (collateral kills)
  A wight (D:10)
1 creature vanquished.

Vanquished Creatures (others)
  2 slaves (D:8)
  A big kobold (D:10)
  A jelly (D:8)
  An orc wizard (D:8)
  A shadow imp (D:8)
  An adder skeleton (D:8)
  An orc (D:8)
8 creatures vanquished.

Grand Total: 381 creatures vanquished

Notes
Turn   | Place    | Note
-------+----------+-------------------------------------------
     0 | Abyss:1  | Manul the Spriggan Abyssal Knight began the quest for the Orb.
     0 | Abyss:1  | Reached XP level 1. HP: 11/11 MP: 3/3
    23 | Abyss:1  | Found a corrupted altar of Lugonu.
    89 | Abyss:2  | Noticed a starcursed mass
   101 | Abyss:2  | Noticed a large abomination
   103 | Abyss:2  | Noticed an iron imp
   108 | Abyss:2  | Noticed an apocalypse crab
   109 | Abyss:2  | Noticed a smoke demon
   122 | Abyss:2  | Noticed a small abomination
   135 | Abyss:2  | Reached skill level 1 in Stealth
   137 | Abyss:2  | Killed a small abomination
   137 | Abyss:2  | Reached skill level 3 in Stealth
   137 | Abyss:2  | Reached XP level 2. HP: 15/16 MP: 5/5
   137 | Abyss:2  | Reached XP level 3. HP: 18/19 MP: 6/6
   137 | Abyss:2  | Reached XP level 4. HP: 22/23 MP: 7/7
   138 | Abyss:2  | Noticed a starcursed mass
   139 | Abyss:2  | Noticed a spatial maelstrom
   143 | Abyss:2  | Noticed a spatial vortex
   144 | Abyss:2  | Noticed a sun demon
   144 | Abyss:2  | Noticed a spatial vortex
   147 | Abyss:2  | Noticed a spatial vortex
   148 | D:1      | Escaped the Abyss
   481 | D:1      | Reached * piety under Lugonu
  1293 | D:2      | Reached skill level 5 in Dodging
  1312 | D:2      | Reached skill level 4 in Stealth
  1565 | D:2      | Reached XP level 5. HP: 23/27 MP: 8/8
  1856 | D:2      | Reached ** piety under Lugonu
  2256 | D:3      | Noticed Ijyb
  2256 | D:3      | Noticed Grinder
  2271 | D:2      | Killed Grinder
  2271 | D:2      | Reached skill level 6 in Stealth
  2271 | D:2      | Reached XP level 6. HP: 16/32 MP: 8/10
  2567 | D:3      | Killed Ijyb
  2567 | D:3      | Reached skill level 7 in Stealth
  3962 | D:3      | Reached *** piety under Lugonu
  3984 | D:3      | Noticed an ice beast
  4002 | D:3      | Killed an ice beast
  4002 | D:3      | Reached skill level 8 in Stealth
  4002 | D:3      | Reached XP level 7. HP: 18/35 MP: 11/11
  4248 | D:3      | Noticed Sigmund
  4285 | D:3      | Killed Sigmund
  4765 | D:4      | Found an iron altar of Okawaru.
  4766 | D:4      | Found a bloodstained altar of Trog.
  4854 | D:4      | Noticed Natasha
  4861 | D:4      | Killed Natasha
  4877 | D:4      | Reached skill level 9 in Stealth
  4900 | D:4      | Reached skill level 5 in Evocations
  5007 | D:4      | Noticed Menkaure
  5022 | D:4      | Killed Menkaure
  5022 | D:4      | Reached XP level 8. HP: 26/39 MP: 12/12
  5218 | D:4      | Noticed Natasha
  5223 | D:4      | Killed Natasha
  5551 | D:4      | Found a shattered altar of Ashenzari.
  5578 | D:4      | Reached **** piety under Lugonu
  5584 | D:4      | Reached skill level 10 in Stealth
  5600 | D:4      | Noticed Duvessa
  5600 | D:4      | Noticed Dowan
  5638 | D:4      | Banished Dowan
  5741 | D:4      | Killed Duvessa
  6347 | D:4      | Gained mutation: You are agile. (Dex +2) [potion of mutation]
  6347 | D:4      | Gained mutation: Your skin changes colour to match your surroundings (Stealth+). [potion of mutation]
  6347 | D:4      | Gained mutation: You are partially covered in molten scales. (AC +2) [potion of mutation]
  6404 | D:5      | Entered Level 5 of the Dungeon
  6670 | D:5      | Found a sacrificial altar of Ru.
  7394 | D:6      | Reached skill level 5 in Short Blades
  8039 | D:6      | Reached XP level 9. HP: 44/44 MP: 14/14
  8063 | D:6      | Reached skill level 11 in Stealth
  8296 | D:6      | Found an iron altar of Okawaru.
  8344 | D:6      | Got a translucent mace
  8345 | D:6      | Identified the +5 mace "Notzof" {holy, Str+4} (You found it on level 6 of the Dungeon)
  8549 | D:7      | Found a hide-covered altar of Uskayaw.
  8549 | D:7      | Found a glowing golden altar of the Shining One.
  8718 | D:7      | Reached ***** piety under Lugonu
  8972 | D:7      | Found an opulent altar of Gozag.
  8974 | D:7      | Got a distressingly furry robe
  8985 | D:7      | Identified the +2 robe of the Turtledove {rElec Int+2 Dex+8} (You found it on level 7 of the Dungeon)
  9545 | D:8      | Noticed Pikel
  9615 | D:8      | Killed Pikel
  9615 | D:8      | Reached skill level 10 in Dodging
  9615 | D:8      | Reached skill level 12 in Stealth
 10016 | D:8      | Noticed Timinator's ghost (novice SpEn)
 10216 | D:8      | Noticed Psyche
 10244 | D:8      | Killed Psyche
 10244 | D:8      | Reached XP level 10. HP: 37/49 MP: 15/15
 10278 | D:8      | Noticed Maurice
 10335 | D:8      | Killed Maurice
 10345 | D:8      | Found a snail-covered altar of Cheibriados.
 10510 | D:8      | Found a white marble altar of Elyvilon.
 10522 | D:8      | Found a blossoming altar of Fedhas.
 10524 | D:8      | Found a stormy altar of Qazlal.
 10568 | D:8      | Noticed a two-headed ogre
 10573 | D:8      | Killed a two-headed ogre
 10835 | D:8      | Reached skill level 5 in Invocations
 10884 | D:8      | Noticed a two-headed ogre
 10886 | D:8      | Killed a two-headed ogre
 10886 | D:8      | Reached skill level 13 in Stealth
 10896 | D:8      | Killed Timinator's ghost
 11238 | D:9      | Found Raekoll's Distillery.
 11325 | D:9      | Learned a level 2 spell: Blink
 11362 | D:9      | Found Miallyef's Book Shop.
 11541 | D:9      | Reached skill level 14 in Stealth
 11617 | D:9      | Found Juso's Book Shoppe.
 11660 | D:9      | Reached XP level 11. HP: 47/54 MP: 16/16
 11682 | D:9      | Found Jueruc's Assorted Antiques.
 11724 | D:9      | Found Xodat's Magic Scroll Shoppe.
 11911 | D:10     | Entered Level 10 of the Dungeon
 12234 | D:10     | Noticed a two-headed ogre
 12241 | D:10     | Killed a two-headed ogre
 12241 | D:10     | Reached skill level 15 in Stealth
 12376 | D:10     | Found Wuol's Antique Weapon Boutique.
 12877 | D:11     | Reached skill level 16 in Stealth
 13246 | D:11     | Noticed a death yak
 13247 | D:11     | Noticed a death yak
 13247 | D:11     | Noticed a death yak
 13247 | D:11     | Noticed a death yak
 13248 | D:11     | Noticed a death yak
 13842 | D:11     | Found a staircase to the Lair.
 13863 | D:11     | Reached skill level 5 in Fighting
 14281 | D:12     | Noticed a five-headed hydra
 14352 | D:12     | Noticed a tengu warrior
 14393 | D:11     | Killed a tengu warrior
 14393 | D:11     | Reached skill level 17 in Stealth
 14551 | D:12     | Reached XP level 12. HP: 60/60 MP: 18/18
 14591 | D:12     | Found a flagged portal.
 14599 | Bailey   | Entered a bailey
 15135 | D:12     | Reached ****** piety under Lugonu
 15202 | D:12     | Killed a five-headed hydra
 15470 | D:12     | Slain by a gargoyle

Skill      XL: |  1  2  3  4  5  6  7  8  9 10 11 12 |
---------------+-------------------------------------+-----
Stealth        | 3 4 6 8 9 10 12 14 17 | 17.9
Dodging        | 4 5 6 7 8 10 11 12 13 | 13.2
Evocations     | 2 3 4 5 6 |  6.1
Short Blades   | 3 5 6 8 9 |  9.4
Invocations    | 2 4 5 6 7 |  7.3
Fighting       | 3 4 5 |  5.3
Maces & Flails | |  0.9

Action                   |  1- 3 |  4- 6 |  7- 9 | 10-12 || total
-------------------------+-------+-------+-------+-------++-------
Melee: Short sword       |       |   406 |   527 |       ||   933
       Dagger            |       |       |   338 |  1097 ||  1435
       Mace              |       |       |    86 |       ||    86
Invok: Depart the Abyss  |       |     1 |       |       ||     1
       Banish            |       |       |     1 |       ||     1
Evoke: Wand              |     1 |    15 |    17 |    15 ||    48
  Use: Scroll            |     1 |     1 |     4 |     9 ||    15
       Potion            |       |     8 |     2 |     4 ||    14
 Stab: Sleeping          |       |    12 |    20 |    27 ||    59
       Distracted        |       |       |     4 |     9 ||    13
       Paralysed         |       |       |     1 |    10 ||    11
       Confused          |       |       |       |    13 ||    13
       Petrifying        |       |       |       |     4 ||     4
  Eat: Ration            |       |     1 |     4 |     4 ||     9
Armor: Robe              |       |    37 |    57 |    49 ||   143
Dodge: Dodged            |     1 |   459 |   923 |   948 ||  2331
